[ AOE2 MATCH · #499051065 ]
UnrankedBurgundians vs Poles
[ REPLAY ANALYSIS · EXTRACTED FROM THE RECORDED GAME ]
Feudal
11:56
Castle
16:16
Imperial
—
| APM avg | 43.3 |
| APM peak | 101 |
| eAPM avg | 23.1 |
| Villagers / military | 123 / 98 |
Focus
⚔️ 17.8% · 🌾 82.2%
Knight ×98
Feudal
10:35
Castle
21:52
Imperial
47:02
| APM avg | 39.3 |
| APM peak | 87 |
| eAPM avg | 15.7 |
| Villagers / military | 84 / 232 |
Focus
⚔️ 29.6% · 🌾 70.4%
Mangudai ×92 · Scout Cavalry ×84 · Camel Scout ×31 · Cavalry Archer ×11 · Skirmisher ×6 · Battering Ram ×3
Feudal
11:58
Castle
18:37
Imperial
42:12
| APM avg | 10.5 |
| APM peak | 38 |
| eAPM avg | 6.5 |
| Villagers / military | 61 / 186 |
Focus
⚔️ 31.1% · 🌾 68.9%
Knight ×179 · Archer ×5 · Trebuchet (Packed) ×2
Feudal
9:43
Castle
20:10
Imperial
44:42
| APM avg | 63.6 |
| APM peak | 114 |
| eAPM avg | 33.5 |
| Villagers / military | 157 / 333 |
Focus
⚔️ 28.7% · 🌾 71.3%
Knight ×323 · Scout Cavalry ×8 · Monk ×1 · Trebuchet (Packed) ×1
Feudal
9:33
Castle
23:37
Imperial
38:53
| APM avg | 43.6 |
| APM peak | 76 |
| eAPM avg | 29.7 |
| Villagers / military | 235 / 180 |
Focus
⚔️ 30.1% · 🌾 69.9%
Archer ×92 · Skirmisher ×73 · Spearman ×6 · Trebuchet (Packed) ×6 · Bombard Cannon ×2 · Monk ×1
Feudal
10:32
Castle
22:47
Imperial
55:34
| APM avg | 49.9 |
| APM peak | 96 |
| eAPM avg | 25.0 |
| Villagers / military | 91 / 298 |
Focus
⚔️ 30.9% · 🌾 69.1%
Skirmisher ×118 · Archer ×88 · Eagle Scout ×58 · Spearman ×30 · Mangonel ×2 · Monk ×1
Feudal
10:39
Castle
16:16
Imperial
29:01
| APM avg | 32.5 |
| APM peak | 74 |
| eAPM avg | 15.7 |
| Villagers / military | 108 / 171 |
Focus
⚔️ 35.4% · 🌾 64.6%
Skirmisher ×87 · Cavalry Archer ×68 · Samurai ×6 · Trebuchet (Packed) ×6 · Monk ×3 · Archer ×1
Feudal
9:27
Castle
22:14
Imperial
46:24
| APM avg | 31.8 |
| APM peak | 71 |
| eAPM avg | 17.4 |
| Villagers / military | 173 / 284 |
Focus
⚔️ 31.9% · 🌾 68.1%
Archer ×189 · Shotel Warrior ×58 · Spearman ×17 · Skirmisher ×14 · Bombard Cannon ×4 · Militia ×2
Match map
Initial resources + every placement click. Lines = walls · curves = elevation contours. ◆ gold · ⬟ stone · ● berries · ✦ relic · ◌ wall gap
Your base· Open — 1t gap
GaboAlv's base· ✓ Closed at 21:52 · 66t walls · no gate
metro86's base· Open — unwalled flank
lumpensammler666's base· Open — unwalled flank
Tutu®'s base· Open — 5t gap
CDLP_Themachine's base· Open — 1t gap
Healthy girl's base· Open — unwalled flank
Don Gio's base· Open — 3t gap
Smoothed initial terrain · ◌ = detected wall gap · hover for details
Inputs per minute
— allen.mousavi - - GaboAlv
Build order — allen.mousavi
First 150 of 341 actions detected
| 0:02 | Queue | Villager (Male) |
| 0:03 | Queue | Villager (Male) |
| 0:04 | Build | House |
| 0:06 | Build | House |
| 0:18 | Queue | Villager (Male) |
| 0:36 | Queue | Villager (Male) |
| 1:46 | Queue | Villager (Male) |
| 1:58 | Build | Lumber Camp |
| 2:28 | Queue | Villager (Male) |
| 2:45 | Queue | Villager (Male) |
| 2:59 | Build | House |
| 3:28 | Queue | Villager (Male) |
| 3:38 | Queue | Villager (Male) |
| 4:10 | Queue | Villager (Male) |
| 4:48 | Queue | Villager (Male) |
| 5:02 | Queue | Villager (Male) |
| 5:17 | Build | Lumber Camp |
| 5:32 | Queue | Villager (Male) |
| 5:59 | Queue | Villager (Male) |
| 6:03 | Queue | Villager (Male) |
| 6:12 | Queue | Villager (Male) |
| 6:35 | Build | House |
| 6:40 | Build | Mill |
| 7:07 | Build | Palisade Wall |
| 7:12 | Build | Palisade Wall |
| 7:24 | Queue | Villager (Male) |
| 7:28 | Build | House |
| 7:32 | Build | Palisade Wall |
| 7:40 | Queue | Villager (Male) |
| 8:01 | Build | Mining Camp |
| 8:10 | Research | Wheelbarrow |
| 8:27 | Build | Farm |
| 8:59 | Build | Farm |
| 9:16 | Build | Farm |
| 9:46 | Research | Feudal Age |
| 9:47 | Research | Loom |
| 9:50 | Build | Farm |
| 9:58 | Build | Farm |
| 10:06 | Build | Farm |
| 10:24 | Build | Farm |
| 11:50 | Queue | Villager (Male) |
| 11:56 | Age | Feudal Age |
| 11:57 | Build | Blacksmith |
| 12:06 | Build | Market |
| 12:13 | Queue | Villager (Male) |
| 12:54 | Build | Farm |
| 12:58 | Build | House |
| 13:06 | Build | Palisade Wall |
| 13:09 | Build | Palisade Wall |
| 13:11 | Build | Palisade Gate |
| 13:36 | Research | Castle Age |
| 13:36 | Research | Castle Age |
| 14:31 | Build | Barracks |
| 14:51 | Research | Scale Barding Armor |
| 15:19 | Build | Stable |
| 15:51 | Queue | Villager (Male) |
| 16:08 | Build | Palisade Gate |
| 16:16 | Age | Castle Age |
| 16:16 | Queue | Knight |
| 16:16 | Queue | Knight |
| 16:20 | Build | Stable |
| 16:25 | Queue | Villager (Male) |
| 16:25 | Queue | Villager (Male) |
| 16:40 | Build | Farm |
| 17:07 | Research | Chain Barding Armor |
| 17:37 | Build | Farm |
| 17:38 | Queue | Villager (Male) |
| 17:51 | Queue | Knight |
| 18:31 | Queue | Villager (Male) |
| 18:36 | Queue | Knight |
| 19:46 | Queue | Villager (Male) |
| 19:58 | Queue | Villager (Male) |
| 19:59 | Queue | Villager (Male) |
| 20:19 | Research | Husbandry |
| 20:22 | Queue | Villager (Male) |
| 20:22 | Queue | Villager (Male) |
| 20:41 | Research | Loom |
| 20:53 | Queue | Villager (Male) |
| 20:54 | Queue | Villager (Male) |
| 21:22 | Queue | Villager (Male) |
| 21:22 | Queue | Villager (Male) |
| 21:55 | Queue | Knight |
| 21:59 | Queue | Villager (Male) |
| 22:15 | Queue | Knight |
| 22:15 | Queue | Knight |
| 22:16 | Queue | Knight |
| 22:49 | Research | Cavalier (upgrade) |
| 22:50 | Research | Cavalier (upgrade) |
| 23:01 | Queue | Villager (Male) |
| 23:09 | Build | Farm |
| 23:21 | Queue | Knight |
| 23:51 | Queue | Knight |
| 23:58 | Build | House |
| 24:02 | Build | House |
| 24:03 | Build | House |
| 24:06 | Queue | Villager (Male) |
| 24:23 | Queue | Knight |
| 24:50 | Queue | Knight |
| 24:57 | Queue | Villager (Male) |
| 25:03 | Queue | Villager (Male) |
| 25:49 | Queue | Villager (Male) |
| 25:50 | Queue | Knight |
| 26:04 | Build | Farm |
| 26:05 | Build | Farm |
| 26:12 | Build | Town Center |
| 26:14 | Queue | Villager (Male) |
| 26:19 | Build | Farm |
| 26:22 | Build | Farm |
| 26:28 | Queue | Knight |
| 26:42 | Build | Farm |
| 26:52 | Build | House |
| 27:10 | Queue | Knight |
| 27:18 | Queue | Villager (Male) |
| 27:25 | Build | Farm |
| 27:26 | Queue | Villager (Male) |
| 27:26 | Queue | Villager (Male) |
| 28:03 | Build | House |
| 28:04 | Build | House |
| 28:06 | Build | House |
| 28:11 | Research | Forging |
| 28:19 | Queue | Villager (Male) |
| 28:22 | Build | Farm |
| 29:19 | Research | Iron Casting |
| 29:19 | Research | Iron Casting |
| 29:20 | Queue | Knight |
| 29:45 | Queue | Knight |
| 30:02 | Queue | Knight |
| 30:09 | Queue | Villager (Male) |
| 30:10 | Queue | Villager (Male) |
| 30:11 | Queue | Villager (Male) |
| 30:20 | Build | Farm |
| 30:22 | Build | Farm |
| 30:37 | Queue | Knight |
| 30:45 | Queue | Villager (Male) |
| 30:46 | Queue | Villager (Male) |
| 30:47 | Queue | Villager (Male) |
| 30:56 | Build | Farm |
| 31:01 | Build | Farm |
| 31:01 | Queue | Villager (Male) |
| 31:32 | Build | Farm |
| 31:33 | Queue | Villager (Male) |
| 31:40 | Build | Farm |
| 31:55 | Build | Farm |
| 32:01 | Build | Farm |
| 32:03 | Queue | Villager (Male) |
| 32:28 | Queue | Villager (Male) |
| 32:30 | Queue | Villager (Male) |
| 32:31 | Queue | Villager (Male) |
| 32:34 | Queue | Knight |
| 33:35 | Queue | Knight |
Build order — GaboAlv
First 150 of 306 actions detected
| 0:02 | Queue | Villager (Male) |
| 0:05 | Build | House |
| 0:06 | Build | House |
| 0:20 | Queue | Villager (Male) ×3 |
| 1:33 | Queue | Villager (Male) |
| 1:54 | Queue | Villager (Male) |
| 2:11 | Queue | Villager (Male) |
| 2:12 | Queue | Villager (Male) |
| 2:41 | Queue | Villager (Male) ×2 |
| 3:15 | Queue | Villager (Male) ×2 |
| 3:26 | Build | House |
| 3:27 | Build | House |
| 4:39 | Queue | Villager (Male) |
| 5:25 | Build | Lumber Camp |
| 5:28 | Queue | Villager (Male) |
| 5:30 | Queue | Villager (Male) |
| 5:32 | Queue | Villager (Male) |
| 5:33 | Queue | Villager (Male) |
| 5:34 | Queue | Villager (Male) |
| 7:14 | Build | House |
| 7:16 | Build | House |
| 7:25 | Build | Mill |
| 7:35 | Queue | Villager (Male) |
| 7:37 | Queue | Villager (Male) |
| 8:06 | Build | Mill |
| 8:24 | Research | Feudal Age |
| 8:29 | Research | Loom |
| 9:15 | Build | Barracks |
| 10:35 | Age | Feudal Age |
| 10:40 | Build | Stable |
| 10:47 | Research | Double-Bit Axe |
| 10:49 | Queue | Villager (Male) |
| 10:49 | Queue | Villager (Male) |
| 10:49 | Queue | Villager (Male) |
| 11:12 | Build | Palisade Wall |
| 11:22 | Build | Palisade Wall |
| 11:25 | Build | Palisade Wall |
| 11:33 | Queue | Spearman |
| 11:34 | Queue | Scout Cavalry |
| 11:35 | Queue | Scout Cavalry |
| 11:35 | Queue | Scout Cavalry |
| 12:28 | Queue | Villager (Male) |
| 12:28 | Queue | Villager (Male) |
| 13:00 | Build | Mining Camp |
| 13:47 | Queue | Villager (Male) |
| 13:47 | Queue | Villager (Male) |
| 13:48 | Queue | Villager (Male) |
| 14:22 | Build | House |
| 14:23 | Build | House |
| 14:25 | Build | House |
| 14:53 | Queue | Villager (Male) |
| 15:03 | Build | Watch Tower |
| 15:08 | Build | Palisade Wall |
| 15:11 | Build | Palisade Wall |
| 15:16 | Build | Palisade Wall |
| 15:22 | Build | Palisade Wall |
| 15:27 | Build | House |
| 15:28 | Build | House |
| 15:29 | Build | House |
| 15:30 | Build | House |
| 15:32 | Build | House |
| 15:40 | Build | Farm |
| 15:40 | Build | Farm |
| 15:40 | Build | Farm |
| 15:40 | Build | Farm |
| 15:41 | Build | Farm |
| 15:41 | Build | Farm |
| 15:41 | Build | Farm |
| 15:41 | Build | Farm |
| 15:49 | Queue | Villager (Male) |
| 16:11 | Build | Farm |
| 16:11 | Build | Farm |
| 16:11 | Build | Farm |
| 16:22 | Queue | Villager (Male) |
| 16:23 | Queue | Villager (Male) |
| 16:50 | Build | Blacksmith |
| 16:58 | Build | Farm |
| 16:59 | Build | Farm |
| 17:19 | Queue | Villager (Male) |
| 17:27 | Build | Palisade Wall |
| 18:00 | Build | Palisade Wall |
| 18:07 | Build | Palisade Wall |
| 18:11 | Build | Palisade Wall |
| 19:12 | Research | Castle Age |
| 19:19 | Build | Archery Range |
| 19:21 | Build | Archery Range |
| 19:29 | Build | Palisade Wall |
| 19:49 | Queue | Skirmisher |
| 19:49 | Queue | Skirmisher |
| 19:50 | Queue | Skirmisher |
| 19:50 | Queue | Skirmisher |
| 19:52 | Research | Fletching |
| 20:18 | Build | Lumber Camp |
| 20:22 | Queue | Skirmisher |
| 20:22 | Queue | Skirmisher |
| 20:51 | Research | Bloodlines |
| 20:52 | Research | Scale Barding Armor |
| 21:52 | Age | Castle Age |
| 22:02 | Research | Light Cavalry (upgrade) |
| 22:09 | Build | Lumber Camp |
| 22:11 | Research | Wheelbarrow |
| 22:13 | Queue | Villager (Male) |
| 22:13 | Queue | Villager (Male) |
| 22:28 | Research | Forging |
| 22:37 | Build | Mill |
| 22:38 | Build | Farm |
| 22:38 | Build | Farm |
| 22:38 | Build | Farm |
| 22:38 | Build | Farm |
| 22:39 | Build | Farm |
| 22:39 | Build | Farm |
| 22:55 | Queue | Scout Cavalry |
| 23:14 | Queue | Cavalry Archer ×5 |
| 23:42 | Build | Mining Camp |
| 24:13 | Research | Chain Barding Armor |
| 24:17 | Research | Husbandry |
| 24:54 | Research | Crossbowman (upgrade) |
| 24:58 | Queue | Villager (Male) |
| 24:58 | Queue | Villager (Male) |
| 24:59 | Queue | Villager (Male) |
| 25:07 | Research | Stone Mining |
| 25:10 | Queue | Knight |
| 26:27 | Queue | Villager (Male) |
| 26:27 | Queue | Villager (Male) |
| 26:27 | Queue | Villager (Male) |
| 26:36 | Research | Bodkin Arrow |
| 26:37 | Queue | Villager (Male) |
| 26:47 | Build | Town Center |
| 26:51 | Build | Mining Camp |
| 26:53 | Queue | Villager (Male) |
| 26:53 | Queue | Villager (Male) |
| 27:21 | Queue | Camel Scout ×2 |
| 27:53 | Research | Padded Archer Armor |
| 28:29 | Queue | Villager (Male) |
| 28:37 | Queue | Villager (Male) |
| 28:37 | Queue | Villager (Male) |
| 28:38 | Queue | Villager (Male) |
| 28:43 | Build | University |
| 29:02 | Build | Siege Workshop |
| 29:05 | Queue | Villager (Male) |
| 29:08 | Queue | Villager (Male) |
| 29:58 | Research | Ballistics |
| 30:00 | Queue | Villager (Male) |
| 30:02 | Queue | Villager (Male) ×5 |
| 30:07 | Build | Town Center |
| 30:50 | Research | Thumb Ring |
| 30:52 | Queue | Villager (Male) |
| 30:52 | Queue | Villager (Male) |
| 31:14 | Queue | Camel Scout ×3 |
| 31:42 | Build | Castle |
Build order — metro86
First 150 of 200 actions detected
| 0:06 | Build | House |
| 0:07 | Build | House |
| 0:08 | Queue | Villager (Male) ×4 |
| 1:32 | Queue | Villager (Male) |
| 1:55 | Build | Lumber Camp |
| 2:33 | Queue | Villager (Male) |
| 2:34 | Queue | Villager (Male) |
| 2:38 | Research | Loom |
| 3:13 | Queue | Villager (Male) |
| 3:13 | Queue | Villager (Male) |
| 3:32 | Queue | Villager (Male) |
| 4:44 | Queue | Villager (Male) |
| 4:44 | Queue | Villager (Male) |
| 5:09 | Queue | Villager (Male) |
| 5:10 | Queue | Villager (Male) |
| 5:18 | Build | House |
| 5:19 | Build | House |
| 5:45 | Build | Mill |
| 6:02 | Queue | Villager (Male) |
| 6:02 | Queue | Villager (Male) |
| 6:30 | Queue | Villager (Male) |
| 6:31 | Queue | Villager (Male) |
| 6:47 | Queue | Villager (Male) |
| 6:48 | Queue | Villager (Male) |
| 6:57 | Build | Mill |
| 7:26 | Queue | Villager (Male) |
| 8:33 | Queue | Villager (Male) |
| 8:33 | Queue | Villager (Male) |
| 8:34 | Queue | Villager (Male) |
| 9:23 | Research | Feudal Age |
| 11:00 | Build | Barracks |
| 11:58 | Age | Feudal Age |
| 12:08 | Build | Archery Range |
| 12:13 | Build | Archery Range |
| 13:02 | Queue | Villager (Male) |
| 13:02 | Queue | Villager (Male) |
| 13:14 | Build | Mining Camp |
| 13:21 | Build | Farm |
| 13:21 | Build | Farm |
| 13:21 | Build | Farm |
| 13:22 | Build | Farm |
| 13:54 | Queue | Villager (Male) |
| 14:23 | Queue | Villager (Male) |
| 14:48 | Build | Blacksmith |
| 15:54 | Research | Double-Bit Axe |
| 15:57 | Research | Castle Age |
| 16:41 | Queue | Archer |
| 16:41 | Queue | Archer |
| 16:55 | Queue | Archer |
| 17:40 | Build | Farm |
| 17:40 | Build | Farm |
| 17:41 | Build | Farm |
| 17:42 | Build | Farm |
| 17:52 | Research | Horse Collar |
| 18:04 | Queue | Archer ×2 |
| 18:37 | Age | Castle Age |
| 19:10 | Research | Crossbowman (upgrade) |
| 19:41 | Queue | Villager (Male) |
| 19:41 | Queue | Villager (Male) |
| 19:42 | Queue | Villager (Male) |
| 19:42 | Queue | Villager (Male) |
| 20:30 | Queue | Villager (Male) |
| 20:38 | Build | Mining Camp |
| 20:52 | Build | Mining Camp |
| 21:05 | Build | House |
| 21:06 | Build | House |
| 21:09 | Build | House |
| 21:10 | Build | House |
| 21:13 | Build | House |
| 21:29 | Research | Gold Mining |
| 21:54 | Build | Stable |
| 21:56 | Build | Stable |
| 21:58 | Build | Stable |
| 22:02 | Build | Stable |
| 22:05 | Build | Stable |
| 22:16 | Queue | Villager (Male) |
| 22:17 | Queue | Villager (Male) |
| 22:28 | Build | Farm |
| 22:38 | Research | Heavy Plow |
| 23:05 | Build | Farm |
| 23:12 | Build | Lumber Camp |
| 23:25 | Research | Bloodlines |
| 24:03 | Build | Farm |
| 24:49 | Build | Farm |
| 24:57 | Queue | Knight ×5 |
| 24:59 | Queue | Knight ×3 |
| 25:38 | Queue | Villager (Male) |
| 25:38 | Queue | Villager (Male) |
| 25:40 | Queue | Villager (Male) |
| 26:10 | Research | Husbandry |
| 26:34 | Queue | Knight ×2 |
| 26:34 | Queue | Knight ×2 |
| 27:04 | Research | Scale Barding Armor |
| 27:15 | Build | Farm |
| 27:16 | Build | Farm |
| 27:16 | Build | Farm |
| 27:57 | Queue | Knight ×5 |
| 27:57 | Queue | Knight ×5 |
| 28:16 | Queue | Knight |
| 28:17 | Queue | Knight |
| 28:28 | Queue | Villager (Male) |
| 28:58 | Queue | Villager (Male) |
| 29:00 | Queue | Villager (Male) |
| 29:05 | Build | Farm |
| 29:12 | Queue | Knight ×2 |
| 29:30 | Research | Forging |
| 29:41 | Build | Farm |
| 29:57 | Queue | Knight |
| 29:58 | Queue | Knight |
| 30:03 | Build | Farm |
| 30:06 | Queue | Villager (Male) |
| 30:23 | Queue | Knight |
| 31:11 | Research | Chain Barding Armor |
| 31:26 | Queue | Knight ×3 |
| 31:26 | Queue | Knight ×3 |
| 34:20 | Queue | Villager (Male) |
| 34:20 | Queue | Villager (Male) |
| 34:27 | Build | House |
| 34:29 | Build | House |
| 34:30 | Build | House |
| 34:32 | Build | House |
| 34:33 | Build | House |
| 34:34 | Build | House |
| 34:36 | Build | House |
| 34:47 | Build | Castle |
| 35:25 | Queue | Villager (Male) |
| 35:27 | Queue | Villager (Male) |
| 36:00 | Build | Farm |
| 36:28 | Queue | Knight ×5 |
| 36:31 | Queue | Knight ×5 |
| 36:40 | Build | Farm |
| 36:43 | Build | Farm |
| 36:46 | Queue | Villager (Male) ×5 |
| 38:25 | Research | Iron Casting |
| 38:34 | Research | Imperial Age |
| 39:34 | Research | Szlachta Privileges |
| 39:49 | Build | House |
| 39:50 | Build | House |
| 39:51 | Build | House |
| 39:52 | Build | House |
| 39:54 | Build | House |
| 39:57 | Build | House |
| 39:58 | Build | House |
| 39:59 | Build | House |
| 40:00 | Build | House |
| 40:02 | Build | House |
| 41:58 | Build | Mining Camp |
| 42:12 | Age | Imperial Age |
| 42:16 | Research | Cavalier (upgrade) |
| 42:40 | Queue | Villager (Male) ×5 |
Build order — lumpensammler666
First 150 of 670 actions detected
| 0:01 | Queue | Villager (Male) |
| 0:01 | Queue | Villager (Male) |
| 0:02 | Queue | Villager (Male) |
| 0:03 | Build | House |
| 0:04 | Build | House |
| 0:09 | Queue | Villager (Male) |
| 0:09 | Queue | Villager (Male) |
| 1:29 | Queue | Villager (Male) |
| 1:29 | Queue | Villager (Male) |
| 1:49 | Build | Lumber Camp |
| 1:59 | Queue | Villager (Male) |
| 2:20 | Queue | Villager (Male) |
| 2:48 | Queue | Villager (Male) |
| 2:48 | Queue | Villager (Male) |
| 3:16 | Queue | Villager (Male) |
| 3:37 | Queue | Villager (Male) |
| 3:58 | Build | House |
| 3:58 | Build | House |
| 4:05 | Queue | Villager (Male) |
| 4:16 | Build | Mill |
| 4:30 | Queue | Villager (Male) |
| 5:03 | Queue | Villager (Male) |
| 5:03 | Queue | Villager (Male) |
| 5:24 | Queue | Villager (Male) |
| 5:41 | Queue | Villager (Male) |
| 5:56 | Queue | Villager (Male) |
| 6:27 | Queue | Villager (Male) |
| 7:07 | Research | Loom |
| 7:29 | Research | Feudal Age |
| 7:33 | Build | Lumber Camp |
| 8:13 | Build | House |
| 8:26 | Build | Barracks |
| 9:00 | Queue | Villager (Male) |
| 9:43 | Age | Feudal Age |
| 9:44 | Build | Stable |
| 9:53 | Research | Double-Bit Axe |
| 9:53 | Research | Double-Bit Axe |
| 9:54 | Research | Horse Collar |
| 9:54 | Research | Horse Collar |
| 9:56 | Queue | Villager (Male) |
| 10:00 | Build | Farm |
| 10:16 | Build | House |
| 10:23 | Queue | Villager (Male) |
| 10:25 | Build | Farm |
| 10:26 | Queue | Scout Cavalry |
| 10:26 | Queue | Scout Cavalry |
| 10:26 | Queue | Scout Cavalry |
| 10:40 | Build | Farm |
| 10:51 | Build | Farm |
| 10:53 | Queue | Villager (Male) |
| 10:55 | Build | House |
| 11:01 | Build | Farm |
| 11:11 | Build | Farm |
| 11:17 | Build | House |
| 11:22 | Queue | Scout Cavalry |
| 11:28 | Build | Farm |
| 11:30 | Queue | Scout Cavalry |
| 11:37 | Build | Farm |
| 11:38 | Queue | Villager (Male) |
| 11:38 | Queue | Villager (Male) |
| 11:45 | Build | House |
| 11:55 | Queue | Villager (Male) |
| 12:06 | Build | Farm |
| 12:19 | Queue | Scout Cavalry |
| 12:30 | Queue | Villager (Male) |
| 12:32 | Build | Farm |
| 12:37 | Build | House |
| 12:38 | Build | House |
| 12:45 | Queue | Scout Cavalry |
| 12:54 | Build | Farm |
| 12:59 | Build | Farm |
| 13:18 | Queue | Villager (Male) |
| 13:26 | Queue | Villager (Male) |
| 13:34 | Queue | Villager (Male) |
| 13:39 | Build | House |
| 13:46 | Queue | Scout Cavalry |
| 13:47 | Queue | Villager (Male) |
| 13:49 | Build | Farm |
| 13:50 | Build | Farm |
| 14:07 | Queue | Villager (Male) |
| 14:18 | Queue | Villager (Male) |
| 14:24 | Build | House |
| 14:24 | Queue | Villager (Male) |
| 14:27 | Build | Farm |
| 14:55 | Build | Mining Camp |
| 15:05 | Build | Blacksmith |
| 15:37 | Queue | Villager (Male) |
| 15:48 | Build | House |
| 16:14 | Build | Farm |
| 16:14 | Build | Farm |
| 16:27 | Queue | Villager (Male) |
| 16:31 | Build | Farm |
| 16:37 | Build | Farm |
| 17:05 | Queue | Villager (Male) |
| 17:17 | Queue | Villager (Male) |
| 17:23 | Research | Castle Age |
| 17:24 | Research | Castle Age |
| 17:38 | Build | Farm |
| 18:29 | Build | Stable |
| 18:48 | Research | Bloodlines |
| 18:48 | Research | Bloodlines |
| 18:49 | Research | Scale Barding Armor |
| 18:49 | Research | Scale Barding Armor |
| 18:49 | Research | Scale Barding Armor |
| 18:59 | Queue | Villager (Male) |
| 19:53 | Queue | Villager (Male) |
| 20:10 | Age | Castle Age |
| 20:14 | Queue | Knight |
| 20:14 | Queue | Knight |
| 20:51 | Queue | Knight |
| 20:51 | Queue | Knight |
| 20:52 | Queue | Villager (Male) |
| 20:59 | Build | Town Center |
| 21:21 | Queue | Villager (Male) |
| 21:26 | Build | House |
| 21:27 | Build | Palisade Wall |
| 21:36 | Build | House |
| 21:41 | Queue | Villager (Male) |
| 21:48 | Queue | Knight |
| 21:48 | Queue | Knight |
| 22:07 | Queue | Villager (Male) |
| 22:18 | Research | Husbandry |
| 22:18 | Research | Husbandry |
| 22:20 | Queue | Villager (Male) |
| 22:23 | Queue | Villager (Male) |
| 22:23 | Queue | Villager (Male) |
| 22:23 | Queue | Villager (Male) |
| 22:34 | Queue | Villager (Male) |
| 22:42 | Queue | Knight |
| 22:43 | Queue | Knight |
| 22:48 | Build | Farm |
| 22:50 | Build | Farm |
| 22:51 | Build | Farm |
| 22:53 | Build | Farm |
| 22:58 | Build | Farm |
| 22:59 | Queue | Villager (Male) |
| 23:09 | Build | Farm |
| 23:10 | Build | Farm |
| 23:12 | Queue | Knight |
| 23:17 | Queue | Knight |
| 23:18 | Queue | Knight |
| 23:21 | Build | Farm |
| 23:23 | Research | Wheelbarrow |
| 23:24 | Queue | Villager (Male) |
| 23:35 | Queue | Knight |
| 23:35 | Queue | Knight |
| 23:38 | Queue | Villager (Male) |
| 23:44 | Build | Farm |
| 23:54 | Queue | Villager (Male) |
| 23:55 | Queue | Villager (Male) |
Build order — Tutu®
First 150 of 602 actions detected
| 0:01 | Queue | Villager (Male) |
| 0:01 | Queue | Villager (Male) |
| 0:03 | Build | House |
| 0:04 | Build | House |
| 0:13 | Queue | Villager (Male) |
| 0:13 | Queue | Villager (Male) |
| 0:13 | Queue | Villager (Male) |
| 1:29 | Queue | Villager (Male) |
| 1:29 | Queue | Villager (Male) |
| 1:51 | Build | Lumber Camp |
| 2:11 | Queue | Villager (Male) |
| 2:11 | Queue | Villager (Male) |
| 2:13 | Queue | Villager (Male) |
| 2:13 | Queue | Villager (Male) |
| 2:40 | Queue | Villager (Male) |
| 2:40 | Queue | Villager (Male) |
| 3:07 | Build | House |
| 3:08 | Build | House |
| 3:10 | Queue | Villager (Male) |
| 3:10 | Queue | Villager (Male) |
| 3:43 | Queue | Villager (Male) |
| 3:44 | Queue | Villager (Male) |
| 4:01 | Queue | Villager (Male) |
| 4:02 | Queue | Villager (Male) |
| 4:40 | Queue | Villager (Male) |
| 4:40 | Queue | Villager (Male) |
| 4:40 | Queue | Villager (Male) |
| 5:37 | Queue | Villager (Male) |
| 5:38 | Queue | Villager (Male) |
| 6:09 | Build | Mill |
| 6:26 | Research | Loom |
| 6:39 | Queue | Villager (Male) |
| 7:03 | Build | Barracks |
| 7:23 | Research | Feudal Age |
| 7:23 | Research | Feudal Age |
| 7:37 | Build | Lumber Camp |
| 8:00 | Build | House |
| 8:40 | Build | Mining Camp |
| 8:46 | Build | Palisade Wall |
| 8:55 | Queue | Villager (Male) |
| 8:55 | Queue | Villager (Male) |
| 9:33 | Age | Feudal Age |
| 9:36 | Build | Archery Range |
| 9:59 | Build | Palisade Wall |
| 10:02 | Queue | Villager (Male) |
| 10:14 | Queue | Villager (Male) |
| 10:22 | Queue | Spearman |
| 10:24 | Queue | Villager (Male) |
| 10:47 | Build | Palisade Wall |
| 10:52 | Queue | Villager (Male) |
| 10:57 | Build | Farm |
| 10:59 | Build | Farm |
| 11:01 | Build | Farm |
| 11:02 | Build | Farm |
| 11:03 | Build | Farm |
| 11:16 | Queue | Villager (Male) |
| 11:17 | Queue | Archer |
| 11:21 | Queue | Villager (Male) |
| 11:36 | Queue | Archer |
| 11:50 | Build | Palisade Wall |
| 11:51 | Queue | Spearman |
| 11:56 | Build | Palisade Wall |
| 12:00 | Build | Palisade Wall |
| 12:03 | Queue | Spearman |
| 12:12 | Build | House |
| 12:14 | Queue | Villager (Male) |
| 12:26 | Build | Farm |
| 12:27 | Build | Farm |
| 12:32 | Queue | Archer |
| 12:43 | Queue | Skirmisher |
| 12:52 | Queue | Villager (Male) |
| 13:00 | Build | Farm |
| 13:32 | Queue | Villager (Male) |
| 13:37 | Queue | Villager (Male) |
| 13:46 | Queue | Spearman |
| 13:48 | Queue | Archer |
| 13:48 | Queue | Archer |
| 13:51 | Queue | Villager (Male) |
| 14:16 | Queue | Villager (Male) |
| 14:20 | Build | House |
| 14:21 | Build | House |
| 14:25 | Build | House |
| 14:28 | Build | House |
| 14:37 | Queue | Villager (Male) |
| 14:38 | Queue | Villager (Male) |
| 14:38 | Queue | Villager (Male) |
| 14:42 | Build | House |
| 14:48 | Queue | Villager (Male) |
| 14:49 | Build | Farm |
| 14:52 | Build | Farm |
| 14:56 | Build | House |
| 14:59 | Queue | Archer |
| 15:19 | Queue | Villager (Male) |
| 15:21 | Queue | Villager (Male) |
| 15:29 | Build | Blacksmith |
| 15:36 | Build | Farm |
| 15:37 | Build | Farm |
| 16:00 | Queue | Villager (Male) |
| 16:15 | Build | Palisade Wall |
| 16:16 | Build | Palisade Wall |
| 16:35 | Build | House |
| 17:09 | Queue | Archer |
| 17:10 | Queue | Archer |
| 17:16 | Queue | Skirmisher |
| 17:20 | Queue | Spearman |
| 17:20 | Queue | Spearman |
| 17:23 | Queue | Villager (Male) |
| 17:29 | Build | House |
| 18:02 | Build | Palisade Wall |
| 18:05 | Build | Palisade Wall |
| 18:09 | Build | House |
| 18:10 | Build | House |
| 18:12 | Build | House |
| 18:13 | Queue | Villager (Male) |
| 18:13 | Queue | Villager (Male) |
| 18:26 | Research | Fletching |
| 18:26 | Research | Fletching |
| 18:36 | Build | Farm |
| 18:36 | Build | Farm |
| 18:56 | Queue | Villager (Male) |
| 19:06 | Build | Market |
| 19:15 | Build | House |
| 19:24 | Queue | Villager (Male) |
| 19:27 | Build | Farm |
| 19:48 | Queue | Villager (Male) |
| 20:57 | Research | Castle Age |
| 20:58 | Research | Castle Age |
| 21:39 | Queue | Skirmisher |
| 21:50 | Build | Archery Range |
| 22:02 | Research | Padded Archer Armor |
| 22:02 | Research | Padded Archer Armor |
| 22:09 | Build | House |
| 22:12 | Build | House |
| 22:22 | Queue | Villager (Male) |
| 22:26 | Queue | Skirmisher |
| 22:27 | Queue | Skirmisher |
| 23:09 | Build | Palisade Wall |
| 23:16 | Queue | Villager (Male) |
| 23:19 | Build | Farm |
| 23:33 | Research | Wheelbarrow |
| 23:37 | Age | Castle Age |
| 23:38 | Research | Elite Skirmisher (upgrade) |
| 23:38 | Research | Elite Skirmisher (upgrade) |
| 23:39 | Research | Bodkin Arrow |
| 23:57 | Build | Town Center |
| 24:02 | Queue | Villager (Male) |
| 24:04 | Research | Double-Bit Axe |
| 24:04 | Research | Double-Bit Axe |
| 24:09 | Research | Horse Collar |
| 24:10 | Research | Horse Collar |
Build order — CDLP_Themachine
First 150 of 362 actions detected
| 0:03 | Queue | Villager (Male) |
| 0:03 | Queue | Villager (Male) |
| 0:06 | Research | Loom |
| 0:10 | Build | House |
| 0:12 | Build | House |
| 0:27 | Queue | Villager (Male) |
| 0:27 | Queue | Villager (Male) |
| 0:27 | Queue | Villager (Male) |
| 0:27 | Queue | Villager (Male) |
| 1:29 | Queue | Villager (Male) |
| 1:54 | Build | Lumber Camp |
| 2:20 | Queue | Villager (Male) |
| 2:20 | Queue | Villager (Male) |
| 2:20 | Queue | Villager (Male) |
| 2:53 | Build | House |
| 3:05 | Queue | Villager (Male) |
| 3:05 | Queue | Villager (Male) |
| 3:21 | Queue | Villager (Male) |
| 3:22 | Queue | Villager (Male) |
| 4:00 | Queue | Villager (Male) |
| 4:00 | Queue | Villager (Male) |
| 4:05 | Queue | Villager (Male) |
| 4:05 | Queue | Villager (Male) |
| 4:30 | Build | Mill |
| 4:49 | Queue | Villager (Male) |
| 4:50 | Queue | Villager (Male) |
| 5:12 | Queue | Villager (Male) |
| 5:12 | Queue | Villager (Male) |
| 5:28 | Queue | Villager (Male) |
| 5:29 | Queue | Villager (Male) |
| 5:46 | Build | House |
| 5:53 | Queue | Villager (Male) |
| 5:53 | Queue | Villager (Male) |
| 6:13 | Queue | Villager (Male) |
| 6:13 | Queue | Villager (Male) |
| 6:22 | Queue | Villager (Male) |
| 7:08 | Build | Barracks |
| 7:10 | Build | House |
| 7:35 | Queue | Villager (Male) |
| 8:00 | Build | Lumber Camp |
| 8:22 | Research | Feudal Age |
| 10:10 | Build | Mining Camp |
| 10:32 | Age | Feudal Age |
| 10:38 | Research | Double-Bit Axe |
| 10:49 | Build | Archery Range |
| 10:55 | Build | Blacksmith |
| 10:58 | Build | Palisade Wall |
| 11:02 | Queue | Villager (Male) |
| 11:02 | Queue | Villager (Male) |
| 11:02 | Queue | Villager (Male) |
| 11:21 | Build | Palisade Wall |
| 11:30 | Queue | Spearman |
| 11:32 | Queue | Villager (Male) |
| 11:32 | Queue | Villager (Male) |
| 11:52 | Queue | Archer |
| 11:52 | Queue | Archer |
| 12:07 | Build | Farm |
| 12:08 | Build | Farm |
| 12:11 | Research | Fletching |
| 12:28 | Build | Market |
| 12:43 | Build | House |
| 12:45 | Build | Palisade Wall |
| 12:47 | Build | Palisade Wall |
| 12:52 | Queue | Archer |
| 12:52 | Queue | Archer |
| 12:54 | Queue | Villager (Male) |
| 12:54 | Queue | Villager (Male) |
| 13:07 | Build | House |
| 13:08 | Build | House |
| 13:24 | Queue | Spearman |
| 13:33 | Build | Farm |
| 13:33 | Build | Farm |
| 13:42 | Build | Palisade Gate |
| 13:46 | Queue | Archer |
| 13:46 | Queue | Archer |
| 13:46 | Queue | Archer |
| 14:04 | Queue | Villager (Male) |
| 14:04 | Queue | Villager (Male) |
| 14:04 | Queue | Villager (Male) |
| 14:14 | Build | Palisade Wall |
| 14:25 | Build | Palisade Wall |
| 14:48 | Build | Palisade Wall |
| 14:49 | Build | Palisade Wall |
| 14:50 | Build | Palisade Wall |
| 14:57 | Build | Farm |
| 15:00 | Queue | Archer |
| 15:00 | Queue | Archer |
| 15:13 | Queue | Archer |
| 15:19 | Build | Farm |
| 15:20 | Build | Farm |
| 15:34 | Queue | Spearman |
| 15:37 | Build | House |
| 15:39 | Build | House |
| 16:07 | Build | Palisade Wall |
| 16:19 | Queue | Villager (Male) |
| 16:19 | Queue | Villager (Male) |
| 16:19 | Queue | Villager (Male) |
| 16:20 | Queue | Villager (Male) |
| 16:34 | Research | Wheelbarrow |
| 16:38 | Queue | Villager (Male) |
| 16:39 | Queue | Villager (Male) |
| 16:44 | Queue | Archer |
| 16:44 | Queue | Archer |
| 16:44 | Queue | Archer |
| 17:11 | Build | House |
| 17:11 | Build | House |
| 17:11 | Build | House |
| 18:07 | Build | House |
| 18:24 | Build | Palisade Wall |
| 18:29 | Build | Farm |
| 19:30 | Build | Farm |
| 19:30 | Build | Farm |
| 19:30 | Build | Farm |
| 19:30 | Build | Farm |
| 19:31 | Build | Farm |
| 19:43 | Build | Palisade Wall |
| 19:44 | Build | Palisade Wall |
| 20:04 | Build | Archery Range |
| 20:07 | Research | Castle Age |
| 20:12 | Build | Lumber Camp |
| 21:24 | Research | Gold Mining |
| 21:35 | Build | Mining Camp |
| 21:40 | Queue | Archer ×5 |
| 21:40 | Queue | Archer ×5 |
| 21:40 | Queue | Archer ×3 |
| 21:40 | Queue | Archer ×3 |
| 22:47 | Age | Castle Age |
| 23:00 | Build | Town Center |
| 23:03 | Research | Bow Saw |
| 23:06 | Research | Crossbowman (upgrade) |
| 23:08 | Research | Bodkin Arrow |
| 23:38 | Build | Town Center |
| 23:54 | Research | Bow Saw |
| 23:58 | Research | Horse Collar |
| 24:00 | Queue | Villager (Male) |
| 24:00 | Queue | Villager (Male) |
| 24:00 | Queue | Villager (Male) |
| 24:00 | Queue | Villager (Male) |
| 24:01 | Queue | Villager (Male) |
| 24:01 | Queue | Villager (Male) |
| 24:19 | Queue | Spearman |
| 24:19 | Queue | Spearman |
| 24:19 | Queue | Spearman |
| 24:19 | Queue | Spearman |
| 24:41 | Build | Barracks |
| 25:14 | Build | Palisade Wall |
| 25:39 | Build | House |
| 25:45 | Build | House |
| 26:15 | Build | House |
| 26:24 | Build | House |
Build order — Healthy girl
First 150 of 381 actions detected
| 0:04 | Build | House |
| 0:04 | Queue | Villager (Male) |
| 0:05 | Queue | Villager (Male) |
| 0:05 | Queue | Villager (Male) |
| 0:06 | Build | House |
| 0:07 | Queue | Villager (Male) |
| 0:07 | Queue | Villager (Male) |
| 1:27 | Queue | Villager (Male) |
| 1:27 | Queue | Villager (Male) |
| 2:04 | Build | Lumber Camp |
| 2:06 | Queue | Villager (Male) |
| 2:39 | Queue | Villager (Male) |
| 3:05 | Queue | Villager (Male) |
| 3:24 | Queue | Villager (Male) |
| 3:30 | Build | House |
| 3:41 | Build | House |
| 4:04 | Build | House |
| 4:10 | Build | Palisade Gate |
| 4:14 | Build | House |
| 4:19 | Queue | Villager (Male) |
| 4:19 | Queue | Villager (Male) |
| 4:19 | Queue | Villager (Male) |
| 4:20 | Queue | Villager (Male) |
| 5:06 | Queue | Villager (Male) |
| 5:29 | Queue | Villager (Male) |
| 6:07 | Build | Mill |
| 6:09 | Queue | Villager (Male) |
| 6:36 | Build | Mill |
| 6:39 | Queue | Villager (Male) |
| 6:46 | Queue | Villager (Male) |
| 6:53 | Queue | Villager (Male) |
| 7:19 | Queue | Villager (Male) |
| 7:34 | Build | Mill |
| 8:13 | Research | Feudal Age |
| 8:55 | Build | Farm |
| 8:55 | Build | Farm |
| 8:55 | Build | Farm |
| 8:59 | Build | Farm |
| 8:59 | Build | Farm |
| 9:40 | Queue | Villager (Male) |
| 10:24 | Build | Farm |
| 10:24 | Build | Farm |
| 10:24 | Build | Farm |
| 10:24 | Build | Farm |
| 10:39 | Age | Feudal Age |
| 10:47 | Queue | Villager (Male) |
| 11:19 | Queue | Villager (Male) |
| 11:30 | Build | Market |
| 11:38 | Queue | Villager (Male) |
| 12:10 | Queue | Villager (Male) |
| 12:57 | Build | Blacksmith |
| 13:01 | Queue | Villager (Male) |
| 13:36 | Research | Castle Age |
| 13:57 | Build | Mining Camp |
| 14:03 | Build | Stone Wall |
| 14:04 | Build | Stone Wall |
| 14:20 | Build | Stone Wall |
| 14:54 | Build | Barracks |
| 15:27 | Build | Mining Camp |
| 15:44 | Build | House |
| 15:46 | Build | House |
| 15:48 | Build | House |
| 16:07 | Queue | Villager (Male) |
| 16:16 | Age | Castle Age |
| 16:16 | Build | Archery Range |
| 16:19 | Research | Fletching |
| 16:46 | Queue | Villager (Male) |
| 17:05 | Build | Stone Wall |
| 17:08 | Build | Stone Wall |
| 17:13 | Build | Stone Wall |
| 17:18 | Queue | Cavalry Archer |
| 17:18 | Queue | Cavalry Archer |
| 17:19 | Queue | Cavalry Archer |
| 17:19 | Queue | Cavalry Archer |
| 17:27 | Build | Farm |
| 17:29 | Queue | Villager (Male) |
| 17:30 | Queue | Villager (Male) |
| 17:30 | Queue | Villager (Male) |
| 17:38 | Queue | Villager (Male) |
| 17:55 | Research | Bodkin Arrow |
| 18:16 | Queue | Villager (Male) |
| 18:42 | Queue | Skirmisher |
| 18:43 | Queue | Skirmisher |
| 19:02 | Queue | Skirmisher |
| 19:06 | Build | Farm |
| 19:27 | Queue | Villager (Male) |
| 19:35 | Research | Double-Bit Axe |
| 20:09 | Build | Farm |
| 20:10 | Queue | Villager (Male) |
| 20:10 | Queue | Villager (Male) |
| 20:24 | Queue | Skirmisher |
| 20:24 | Queue | Skirmisher |
| 20:57 | Queue | Skirmisher |
| 20:58 | Queue | Skirmisher |
| 21:08 | Build | Archery Range |
| 21:11 | Queue | Villager (Male) |
| 21:11 | Queue | Villager (Male) |
| 21:11 | Queue | Villager (Male) |
| 21:17 | Build | House |
| 21:18 | Build | House |
| 21:18 | Build | House |
| 21:26 | Queue | Villager (Male) |
| 22:16 | Queue | Villager (Male) |
| 22:16 | Queue | Villager (Male) |
| 22:25 | Queue | Skirmisher |
| 22:25 | Queue | Skirmisher |
| 22:25 | Queue | Skirmisher |
| 22:27 | Queue | Villager (Male) |
| 22:37 | Build | House |
| 22:39 | Build | House |
| 22:46 | Build | Lumber Camp |
| 23:07 | Queue | Cavalry Archer |
| 23:07 | Queue | Cavalry Archer |
| 23:07 | Queue | Cavalry Archer |
| 23:19 | Queue | Villager (Male) |
| 23:20 | Queue | Villager (Male) |
| 23:27 | Build | Mining Camp |
| 23:29 | Queue | Villager (Male) |
| 23:49 | Build | University |
| 24:21 | Queue | Cavalry Archer |
| 24:21 | Queue | Cavalry Archer |
| 24:29 | Build | House |
| 24:30 | Build | House |
| 24:30 | Build | House |
| 24:59 | Queue | Villager (Male) |
| 24:59 | Queue | Villager (Male) |
| 25:08 | Build | Monastery |
| 25:32 | Research | Ballistics |
| 25:51 | Research | Imperial Age |
| 26:10 | Queue | Cavalry Archer |
| 26:10 | Queue | Cavalry Archer |
| 26:10 | Queue | Cavalry Archer |
| 26:41 | Queue | Cavalry Archer |
| 26:41 | Queue | Cavalry Archer |
| 26:41 | Queue | Cavalry Archer |
| 27:06 | Build | Town Center |
| 27:14 | Build | House |
| 27:49 | Queue | Cavalry Archer |
| 27:50 | Queue | Cavalry Archer |
| 27:50 | Queue | Cavalry Archer |
| 27:50 | Queue | Cavalry Archer |
| 27:53 | Queue | Villager (Male) |
| 27:53 | Queue | Villager (Male) |
| 28:05 | Build | Farm |
| 28:43 | Queue | Cavalry Archer |
| 28:43 | Queue | Cavalry Archer |
| 28:43 | Queue | Cavalry Archer |
| 28:57 | Queue | Archer |
| 29:01 | Age | Imperial Age |
| 29:54 | Research | Bracer |
Build order — Don Gio
First 150 of 437 actions detected
| 0:01 | Queue | Villager (Male) |
| 0:01 | Queue | Villager (Male) |
| 0:02 | Build | House |
| 0:03 | Build | House |
| 0:39 | Queue | Villager (Male) |
| 0:52 | Queue | Villager (Male) |
| 1:29 | Queue | Villager (Male) |
| 1:43 | Build | Lumber Camp |
| 1:56 | Queue | Villager (Male) |
| 2:28 | Queue | Villager (Male) |
| 2:55 | Queue | Villager (Male) |
| 3:16 | Queue | Villager (Male) |
| 3:34 | Queue | Villager (Male) |
| 3:53 | Build | House |
| 4:13 | Queue | Villager (Male) |
| 4:15 | Queue | Villager (Male) |
| 4:22 | Build | Mill |
| 4:54 | Queue | Villager (Male) |
| 4:55 | Queue | Villager (Male) |
| 4:57 | Queue | Villager (Male) |
| 6:07 | Queue | Villager (Male) |
| 6:09 | Research | Loom |
| 6:36 | Build | House |
| 7:17 | Research | Feudal Age |
| 7:18 | Research | Feudal Age |
| 7:22 | Build | House |
| 7:57 | Build | Barracks |
| 8:51 | Build | Mining Camp |
| 8:56 | Build | Palisade Wall |
| 8:59 | Build | Palisade Wall |
| 9:27 | Age | Feudal Age |
| 9:29 | Queue | Villager (Male) |
| 9:29 | Queue | Villager (Male) |
| 9:32 | Research | Double-Bit Axe |
| 9:45 | Queue | Villager (Male) |
| 10:03 | Build | Archery Range |
| 10:17 | Queue | Villager (Male) |
| 10:31 | Queue | Villager (Male) |
| 10:50 | Build | Blacksmith |
| 10:54 | Queue | Archer |
| 11:26 | Build | House |
| 11:28 | Build | House |
| 11:32 | Queue | Archer ×2 |
| 11:35 | Research | Fletching |
| 11:37 | Queue | Villager (Male) |
| 12:19 | Queue | Archer ×3 |
| 12:26 | Queue | Villager (Male) |
| 12:26 | Queue | Villager (Male) |
| 12:43 | Queue | Skirmisher |
| 12:45 | Queue | Villager (Male) |
| 12:47 | Build | Farm |
| 12:47 | Build | Farm |
| 12:47 | Build | Farm |
| 12:47 | Build | Farm |
| 12:47 | Build | Farm |
| 12:48 | Build | Farm |
| 12:57 | Queue | Villager (Male) |
| 13:00 | Build | Farm |
| 13:00 | Queue | Villager (Male) |
| 13:06 | Build | House |
| 13:14 | Build | Stone Wall |
| 13:22 | Queue | Archer |
| 13:24 | Queue | Villager (Male) |
| 13:47 | Queue | Villager (Male) |
| 13:50 | Build | Farm |
| 13:51 | Build | Farm |
| 13:54 | Queue | Archer |
| 14:14 | Queue | Villager (Male) |
| 14:17 | Build | Farm |
| 14:18 | Queue | Villager (Male) |
| 14:22 | Build | Farm |
| 14:23 | Build | Farm |
| 14:31 | Build | Farm |
| 14:33 | Build | Farm |
| 14:42 | Research | Horse Collar |
| 14:45 | Queue | Villager (Male) |
| 14:48 | Build | Farm |
| 14:53 | Queue | Villager (Male) |
| 14:54 | Queue | Villager (Male) |
| 15:34 | Queue | Villager (Male) |
| 15:38 | Build | Farm |
| 15:38 | Build | Farm |
| 15:38 | Build | Farm |
| 15:39 | Build | Farm |
| 15:39 | Build | Farm |
| 15:47 | Build | Stone Wall |
| 16:06 | Queue | Villager (Male) |
| 16:18 | Build | Farm |
| 16:19 | Build | Farm |
| 16:20 | Build | Farm |
| 16:35 | Build | Stone Wall |
| 16:40 | Build | Farm |
| 17:04 | Queue | Villager (Male) |
| 17:07 | Build | Farm |
| 17:08 | Queue | Villager (Male) |
| 17:17 | Build | Gate |
| 17:19 | Queue | Villager (Male) |
| 17:23 | Build | House |
| 17:31 | Research | Wheelbarrow |
| 17:45 | Queue | Skirmisher |
| 17:48 | Queue | Skirmisher |
| 17:48 | Queue | Skirmisher |
| 17:49 | Queue | Villager (Male) |
| 18:05 | Build | House |
| 18:06 | Build | House |
| 18:15 | Queue | Villager (Male) |
| 18:18 | Build | Farm |
| 19:02 | Queue | Spearman |
| 19:02 | Queue | Spearman |
| 19:03 | Queue | Spearman |
| 19:33 | Research | Castle Age |
| 19:57 | Queue | Spearman |
| 20:18 | Queue | Villager (Male) |
| 20:50 | Queue | Villager (Male) |
| 21:48 | Build | Market |
| 22:14 | Age | Castle Age |
| 22:18 | Research | Crossbowman (upgrade) |
| 22:20 | Research | Bodkin Arrow |
| 22:21 | Research | Padded Archer Armor |
| 22:23 | Queue | Archer ×4 |
| 22:35 | Queue | Villager (Male) |
| 23:00 | Build | Town Center |
| 23:07 | Queue | Villager (Male) |
| 23:14 | Build | Lumber Camp |
| 23:23 | Queue | Villager (Male) |
| 23:30 | Queue | Archer ×4 |
| 23:47 | Queue | Villager (Male) |
| 24:05 | Queue | Villager (Male) |
| 24:28 | Queue | Villager (Male) |
| 24:33 | Queue | Villager (Male) |
| 24:45 | Build | Stone Wall |
| 24:47 | Queue | Villager (Male) |
| 24:48 | Queue | Villager (Male) |
| 24:49 | Queue | Villager (Male) |
| 24:51 | Queue | Villager (Male) ×5 |
| 24:59 | Queue | Villager (Male) |
| 25:09 | Build | Town Center |
| 25:14 | Queue | Villager (Male) |
| 25:33 | Queue | Spearman ×5 |
| 25:37 | Research | Scale Mail Armor |
| 25:38 | Queue | Villager (Male) |
| 25:42 | Build | House |
| 25:43 | Build | House |
| 25:45 | Build | House |
| 25:57 | Queue | Villager (Male) |
| 26:03 | Queue | Villager (Male) |
| 26:05 | Research | Heavy Plow |
| 26:14 | Queue | Villager (Male) |
| 26:16 | Queue | Villager (Male) |
| 26:38 | Queue | Villager (Male) |
Match timeline
| 7:03 | Tutu® · first_building Barracks |
| 7:07 | allen.mousavi · wall_segment Palisade Wall x9 |
| 7:08 | CDLP_Themachine · first_building Barracks |
| 7:12 | allen.mousavi · wall_segment Palisade Wall x4 |
| 7:32 | allen.mousavi · wall_segment Palisade Wall x9 |
| 7:57 | Don Gio · first_building Barracks |
| 8:26 | lumpensammler666 · first_building Barracks |
| 8:46 | Tutu® · wall_segment Palisade Wall x14 |
| 8:56 | Don Gio · wall_segment Palisade Wall x3 |
| 8:59 | Don Gio · wall_segment Palisade Wall x1 |
| 9:15 | GaboAlv · first_building Barracks |
| 9:27 | Don Gio · age_up feudal |
| 9:33 | Tutu® · age_up feudal |
| 9:36 | Tutu® · first_building Archery Range |
| 9:43 | lumpensammler666 · age_up feudal |
| 9:44 | lumpensammler666 · first_building Stable |
| 9:59 | Tutu® · wall_segment Palisade Wall x9 |
| 10:03 | Don Gio · first_building Archery Range |
| 10:32 | CDLP_Themachine · age_up feudal |
| 10:35 | GaboAlv · age_up feudal |
| 10:39 | Healthy girl · age_up feudal |
| 10:40 | GaboAlv · first_building Stable |
| 10:47 | Tutu® · wall_segment Palisade Wall x1 |
| 10:49 | CDLP_Themachine · first_building Archery Range |
| 10:58 | CDLP_Themachine · wall_segment Palisade Wall x2 |
| 11:00 | metro86 · first_building Barracks |
| 11:12 | GaboAlv · wall_segment Palisade Wall x4 |
| 11:21 | CDLP_Themachine · wall_segment Palisade Wall x1 |
| 11:22 | GaboAlv · wall_segment Palisade Wall x3 |
| 11:25 | GaboAlv · wall_segment Palisade Wall x3 |
| 11:50 | Tutu® · wall_segment Palisade Wall x7 |
| 11:56 | allen.mousavi · age_up feudal |
| 11:56 | Tutu® · wall_segment Palisade Wall x13 |
| 11:58 | metro86 · age_up feudal |
| 12:00 | Tutu® · wall_segment Palisade Wall x17 |
| 12:08 | metro86 · first_building Archery Range |
| 12:45 | CDLP_Themachine · wall_segment Palisade Wall x1 |
| 12:47 | CDLP_Themachine · wall_segment Palisade Wall x1 |
| 13:06 | allen.mousavi · wall_segment Palisade Wall x10 |
| 13:09 | allen.mousavi · wall_segment Palisade Wall x3 |
| 13:14 | Don Gio · wall_segment Stone Wall x7 |
| 13:28 | allen.mousavi · first_market_buy 100 food |
| 13:28 | Healthy girl · first_market_sell 100 wood |
| 13:31 | allen.mousavi · first_market_sell 100 stone |
| 14:03 | Healthy girl · wall_segment Stone Wall x11 |
| 14:04 | Healthy girl · wall_segment Stone Wall x3 |
| 14:14 | CDLP_Themachine · wall_segment Palisade Wall x3 |
| 14:20 | Healthy girl · wall_segment Stone Wall x17 |
| 14:25 | CDLP_Themachine · wall_segment Palisade Wall x2 |
| 14:31 | allen.mousavi · first_building Barracks |
| 14:48 | CDLP_Themachine · wall_segment Palisade Wall x1 |
| 14:49 | CDLP_Themachine · wall_segment Palisade Wall x1 |
| 14:50 | CDLP_Themachine · wall_segment Palisade Wall x1 |
| 14:54 | Healthy girl · first_building Barracks |
| 15:08 | GaboAlv · wall_segment Palisade Wall x4 |
| 15:11 | GaboAlv · wall_segment Palisade Wall x4 |
| 15:16 | GaboAlv · wall_segment Palisade Wall x10 |
| 15:19 | allen.mousavi · first_building Stable |
| 15:22 | GaboAlv · wall_segment Palisade Wall x13 |
| 15:47 | Don Gio · wall_segment Stone Wall x11 |
| 16:07 | CDLP_Themachine · wall_segment Palisade Wall x5 |
| 16:15 | Tutu® · wall_segment Palisade Wall x3 |
| 16:16 | allen.mousavi · age_up castle |
| 16:16 | Tutu® · wall_segment Palisade Wall x1 |
| 16:16 | Healthy girl · age_up castle |
| 16:16 | Healthy girl · first_building Archery Range |
| 16:35 | Don Gio · wall_segment Stone Wall x16 |
| 17:05 | Healthy girl · wall_segment Stone Wall x7 |
| 17:08 | Healthy girl · wall_segment Stone Wall x4 |
| 17:13 | Healthy girl · wall_segment Stone Wall x9 |
| 17:27 | GaboAlv · wall_segment Palisade Wall x5 |
| 18:00 | GaboAlv · wall_segment Palisade Wall x1 |
| 18:02 | Tutu® · wall_segment Palisade Wall x10 |
| 18:05 | Tutu® · wall_segment Palisade Wall x1 |
| 18:07 | GaboAlv · wall_segment Palisade Wall x4 |
| 18:11 | GaboAlv · wall_segment Palisade Wall x13 |
| 18:24 | CDLP_Themachine · wall_segment Palisade Wall x10 |
| 18:37 | metro86 · age_up castle |
| 19:19 | GaboAlv · first_building Archery Range |
| 19:29 | GaboAlv · wall_segment Palisade Wall x5 |
| 19:43 | CDLP_Themachine · wall_segment Palisade Wall x1 |
| 19:44 | CDLP_Themachine · wall_segment Palisade Wall x1 |
| 20:10 | lumpensammler666 · age_up castle |
| 20:20 | Tutu® · first_market_buy 100 food |
| 20:24 | Tutu® · first_market_sell 500 wood |
| 21:27 | lumpensammler666 · wall_segment Palisade Wall x1 |
| 21:52 | GaboAlv · age_up castle |
| 21:54 | metro86 · first_building Stable |
| 22:14 | Don Gio · age_up castle |
| 22:47 | CDLP_Themachine · age_up castle |
| 22:52 | Don Gio · first_market_buy 100 stone |
| 22:56 | Don Gio · first_market_sell 100 food |
| 23:09 | Tutu® · wall_segment Palisade Wall x1 |
| 23:37 | Tutu® · age_up castle |
| 24:45 | Don Gio · wall_segment Stone Wall x5 |
| 25:08 | Healthy girl · first_building Monastery |
| 25:14 | CDLP_Themachine · wall_segment Palisade Wall x1 |
| 25:47 | Tutu® · wall_segment Palisade Wall x3 |
| 25:48 | Healthy girl · first_market_buy 100 food |
| 26:12 | lumpensammler666 · first_market_sell 100 food |
| 27:57 | CDLP_Themachine · wall_segment Palisade Wall x1 |
| 29:01 | Healthy girl · age_up imperial |
| 29:02 | GaboAlv · first_building Siege Workshop |
| 29:36 | CDLP_Themachine · wall_segment Palisade Wall x6 |
| 29:47 | Don Gio · wall_segment Stone Wall x33 |
| 30:00 | CDLP_Themachine · first_building Siege Workshop |
| 30:05 | CDLP_Themachine · first_building Monastery |
| 30:24 | CDLP_Themachine · wall_segment Palisade Wall x3 |
| 30:38 | lumpensammler666 · first_market_buy 100 stone |
| 31:42 | GaboAlv · first_building Castle |
| 32:03 | CDLP_Themachine · wall_segment Palisade Wall x1 |
| 32:05 | CDLP_Themachine · wall_segment Palisade Wall x1 |
| 32:08 | CDLP_Themachine · wall_segment Palisade Wall x2 |
| 32:44 | CDLP_Themachine · first_building Castle |
| 34:23 | CDLP_Themachine · wall_segment Palisade Wall x8 |
| 34:47 | metro86 · first_building Castle |
| 34:55 | CDLP_Themachine · wall_segment Palisade Wall x1 |
| 35:10 | Tutu® · first_building Monastery |
| 35:38 | Tutu® · wall_segment Palisade Wall x1 |
| 35:42 | Don Gio · first_building Castle |
| 35:59 | CDLP_Themachine · wall_segment Palisade Wall x11 |
| 36:09 | Tutu® · first_building Stable |
| 36:23 | Healthy girl · first_building Castle |
| 37:13 | Tutu® · wall_segment Stone Wall x2 |
| 38:34 | Tutu® · first_building Castle |
| 38:53 | Tutu® · age_up imperial |
| 39:52 | CDLP_Themachine · wall_segment Palisade Wall x6 |
| 40:15 | lumpensammler666 · first_building Castle |
| 40:20 | allen.mousavi · wall_segment Stone Wall x19 |
| 40:42 | Tutu® · wall_segment Stone Wall x7 |
| 40:48 | Tutu® · wall_segment Stone Wall x6 |
| 41:29 | allen.mousavi · wall_segment Stone Wall x10 |
| 42:01 | Tutu® · first_building Siege Workshop |
| 42:05 | lumpensammler666 · first_building Monastery |
| 42:12 | metro86 · age_up imperial |
| 42:29 | allen.mousavi · wall_segment Stone Wall x4 |
| 43:16 | Tutu® · wall_segment Stone Wall x2 |
| 43:23 | allen.mousavi · tribute_sent a jugador 1 |
| 43:23 | allen.mousavi · tribute_sent a jugador 2 |
| 43:23 | allen.mousavi · tribute_sent a jugador 4 |
| 43:23 | allen.mousavi · tribute_sent a jugador 5 |
| 43:23 | allen.mousavi · tribute_sent a jugador 6 |
| 43:23 | allen.mousavi · tribute_sent a jugador 7 |
| 43:23 | allen.mousavi · tribute_sent a jugador 8 |
| 43:37 | allen.mousavi · wall_segment Stone Wall x19 |
| 44:34 | Don Gio · wall_segment Stone Wall x1 |
| 44:41 | Don Gio · wall_segment Stone Wall x1 |
| 44:42 | lumpensammler666 · age_up imperial |
| 45:35 | Tutu® · wall_segment Stone Wall x7 |
| 46:24 | Don Gio · age_up imperial |
| 46:36 | allen.mousavi · wall_segment Stone Wall x14 |
| 46:40 | CDLP_Themachine · wall_segment Palisade Wall x2 |
| 47:02 | GaboAlv · age_up imperial |
| 47:07 | CDLP_Themachine · wall_segment Palisade Wall x3 |
| 47:29 | CDLP_Themachine · wall_segment Palisade Wall x3 |
| 47:33 | Don Gio · first_building Siege Workshop |
| 47:35 | GaboAlv · tribute_sent a jugador 2 |
| 47:35 | GaboAlv · tribute_sent a jugador 3 |
| 47:35 | GaboAlv · tribute_sent a jugador 4 |
| 47:35 | GaboAlv · tribute_sent a jugador 5 |
| 47:35 | GaboAlv · tribute_sent a jugador 6 |
| 47:35 | GaboAlv · tribute_sent a jugador 7 |
| 47:35 | GaboAlv · tribute_sent a jugador 8 |
| 48:02 | CDLP_Themachine · wall_segment Palisade Wall x1 |
| 48:13 | CDLP_Themachine · wall_segment Palisade Wall x3 |
| 48:26 | CDLP_Themachine · wall_segment Palisade Wall x1 |
| 48:36 | Tutu® · wall_segment Stone Wall x4 |
| 48:49 | CDLP_Themachine · wall_segment Palisade Wall x1 |
| 49:20 | CDLP_Themachine · wall_segment Palisade Wall x3 |
| 49:21 | CDLP_Themachine · wall_segment Palisade Wall x1 |
| 49:22 | CDLP_Themachine · wall_segment Palisade Wall x1 |
| 49:23 | CDLP_Themachine · wall_segment Palisade Wall x1 |
| 49:25 | CDLP_Themachine · wall_segment Palisade Wall x1 |
| 49:37 | CDLP_Themachine · wall_segment Palisade Wall x1 |
| 49:38 | CDLP_Themachine · wall_segment Palisade Wall x1 |
| 49:42 | allen.mousavi · wall_segment Stone Wall x11 |
| 49:58 | allen.mousavi · wall_segment Stone Wall x3 |
| 50:00 | allen.mousavi · wall_segment Stone Wall x2 |
| 50:09 | GaboAlv · tribute_sent a jugador 2 |
| 50:09 | GaboAlv · tribute_sent a jugador 3 |
| 50:09 | GaboAlv · tribute_sent a jugador 4 |
| 50:09 | GaboAlv · tribute_sent a jugador 5 |
| 50:09 | GaboAlv · tribute_sent a jugador 6 |
| 50:09 | GaboAlv · tribute_sent a jugador 7 |
| 50:09 | GaboAlv · tribute_sent a jugador 8 |
| 50:25 | CDLP_Themachine · wall_segment Palisade Wall x1 |
| 50:30 | CDLP_Themachine · wall_segment Palisade Wall x2 |
| 50:34 | Tutu® · wall_segment Stone Wall x4 |
| 50:52 | CDLP_Themachine · wall_segment Palisade Wall x1 |
| 51:26 | CDLP_Themachine · wall_segment Palisade Wall x3 |
| 51:56 | allen.mousavi · wall_segment Stone Wall x4 |
| 52:01 | GaboAlv · first_market_sell 500 food |
| 53:39 | Tutu® · resign |
| 54:14 | allen.mousavi · wall_segment Stone Wall x18 |
| 54:21 | allen.mousavi · wall_segment Stone Wall x10 |
| 54:24 | allen.mousavi · wall_segment Stone Wall x15 |
| 54:33 | allen.mousavi · wall_segment Stone Wall x12 |
| 54:33 | CDLP_Themachine · wall_segment Palisade Wall x1 |
| 54:35 | allen.mousavi · wall_segment Stone Wall x2 |
| 55:34 | CDLP_Themachine · age_up imperial |
| 56:23 | Don Gio · tribute_sent a jugador 1 |
| 56:23 | Don Gio · tribute_sent a jugador 2 |
| 56:23 | Don Gio · tribute_sent a jugador 3 |
| 56:23 | Don Gio · tribute_sent a jugador 4 |
| 56:23 | Don Gio · tribute_sent a jugador 5 |
| 56:23 | Don Gio · tribute_sent a jugador 6 |
| 56:23 | Don Gio · tribute_sent a jugador 7 |
[ AI ANALYSIS · 1 CREDIT ]
What really happened in this match?
Wolo.gg analyzes every decision: build order, eco, micro, common mistakes by bracket. Personalized analysis on WhatsApp or Discord in 30 seconds.
Civ guide
Burgundians
Perfil
Jugador #20472840